 Dungeon Crawl Stone Soup version 0.20.1-1-g8b1a95d (webtiles) character file.

30 Monsterracer the Digger (level 3, -13/19 HPs)
             Began as a Gargoyle Earth Elementalist on Oct 24, 2017.
             Was an Initiate of Vehumet.
             Engulfed by a cloud of flame (20 damage)
             ... on level 2 of the Dungeon.
             The game lasted 00:01:38 (1116 turns).

Monsterracer the Digger (GrEE)                      Turns: 1116, Time: 00:01:39

Health: -13/19     AC:  7    Str: 11    XL:     3   Next: 20%
Magic:  6/7        EV: 12    Int: 16    God:    Vehumet [......]
Gold:   101        SH:  0    Dex: 10    Spells: 1/7 levels left

rFire    . . .     SeeInvis .   a - +3 short sword
rCold    . . .     Gourm    .   (no shield)
rNeg     + . .     Faith    .   c - +0 robe
rPois    ∞         Spirit   .   n - +0 helmet
rElec    +         Reflect  .   (no cloak)
rCorr    .         Harm     .   i - +0 pair of gloves
MR       .....                  (no boots)
Stlth    ++........             (no amulet)
Regen    0.1/turn               (no ring)
MPRegen  0.1/turn               (no ring)

@: no status effects
A: negative energy resistance 1, electricity resistance, unbreathing,
petrification resistance, rot immunity, AC +3
a: Renounce Religion


You were on level 2 of the Dungeon.
You worshipped Vehumet.
Vehumet was noncommittal.
You were hungry.

You visited 1 branch of the dungeon, and saw 2 of its levels.

You collected 101 gold pieces.

Inventory:

Hand Weapons
 a - a +3 short sword (weapon)
Missiles
 b - 105 stones (quivered)
Armour
 c - a +0 robe (worn)
 i - a +0 pair of gloves (worn)
 n - a +0 helmet (worn)
 o - a +0 ring mail of magic resistance
Scrolls
 f - a scroll of identify {unknown}
 k - a scroll of enchant armour {unknown}
 m - a scroll of magic mapping {unknown}
Potions
 l - 3 potions of agility {unknown}
Books
 e - a book of Geomancy

   Spells                             Type                      Level
   a - Sandblast                      Earth                        1
   b - Passwall                       Transmutation/Earth          2
   c - Stone Arrow                    Conjuration/Earth            3
   d - Petrify                        Transmutation/Earth          4
   e - Lee's Rapid Deconstruction     Earth                        5
Comestibles
 d - a bread ration
 g - 5 fruits
 h - 2 royal jellies
 j - 2 meat rations


   Skills:
 - Level 1.5 Dodging
 - Level 2.1 Stealth
 + Level 2.7 Spellcasting
 - Level 0.7 Transmutations
 * Level 4.4 Earth Magic


You had one spell level left.
You knew the following spells:

 Your Spells              Type           Power        Failure   Level  Hunger
a - Sandblast             Erth           ###...       3%          1    #......
c - Stone Arrow           Conj/Erth      #.....       24%         3    ###....
e - Passwall              Tmut/Erth      ##........   10%         2    ##.....


Dungeon Overview and Level Annotations

Branches:
Dungeon (2/15)

Altars:
Vehumet


Innate Abilities, Weirdness & Mutations

You are resistant to torment.
Your stone body is resilient. (AC +3)
You are immune to poison.
You resist negative energy. (rN+)
You are resistant to electric shocks. (rElec)
You can survive without breathing.
You are immune to petrification.
You are immune to rotting.


Message History

Wear which item? (? for menu, Esc to quit)
You start putting on your armour.
You continue putting on your helmet. x4
You finish putting on your +0 helmet.
You now have 92 gold pieces (gained 3).
Found a stone staircase leading up.
A rat comes into view.
A rat is nearby!
The helpless rat fails to defend itself.
You puncture the rat!
You kill the rat!
You have reached level 3!
Your experience leads to an increase in your attributes!
Increase (S)trength, (I)ntelligence, or (D)exterity?
You feel clever.
Memorise Stone Arrow, consuming 3 spell levels and leaving 1?
You start memorising the spell.
You continue memorising. x3
You finish memorising.
Spell assigned to 'c'.
Cast which spell? (? or * to list)
Okay, then.
You see here a rat corpse.
You open the door.
There is an open door here.
There is a stone staircase leading up here.
Found a shiny ring mail.
Found a royal jelly.
Found a meat ration and 22 stones.
A giant cockroach comes into view.
Found 9 gold pieces.
Found a rat corpse.
Found a radiant altar of Vehumet.
You see here a shiny ring mail.
o - a shiny ring mail You hit the giant cockroach.
The giant cockroach is heavily wounded.
The giant cockroach completely misses you.
The giant cockroach barely misses you.
You hit the giant cockroach.
You kill the giant cockroach!
No target in view!
h - 2 royal jellies (gained 1)
j - 2 meat rations (gained 1)
You now have 101 gold pieces (gained 9).
b - 107 stones (gained 22)
You open the door.
There is an open door here.
Really walk into a travel-excluded area?
A leopard gecko comes into view.
You are engulfed in blazing flames.
Huge Dmg: -36%(-7hp) hp: 64%(12hp)
You start resting.
You are feeling hungry.
A worm comes into view.
Cast which spell? (? or * to list)
Aiming: Sandblast
Press: ? - help, Shift-Dir - straight line, f - worm
Aim: a worm The blast of sand hits the worm.
The worm is moderately wounded.
b - 106 stones
Casting: Sandblast
Confirm with . or Enter, or press ? or * to list all spells.
Aiming: Stone Arrow
Press: ? - help, Shift-Dir - straight line, f/p - worm
Aim: a worm (moderately wounded)
The stone arrow hits the worm.
You kill the worm!
You start resting.
Magic restored.
Really walk into a travel-excluded area?
Okay, then.
Really walk into a travel-excluded area? [Y]es or [N]o only, please.
Really walk into a travel-excluded area?
Okay, then.
Really walk into a travel-excluded area?
The leopard gecko hisses angrily.
Really walk into that cloud of flame? [Y]es or [N]o only, please.
Really walk into that cloud of flame?
You are engulfed in blazing flames.
Ouch! That really hurt!
* * * LOW HITPOINT WARNING * * *
You see here a rat corpse.
Huge Dmg: -53%(-10hp) hp: 32%(6hp)
There is a radiant altar of Vehumet here.
You kneel at the altar of Vehumet.
Vehumet welcomes you!
Casting: Stone Arrow
Confirm with . or Enter, or press ? or * to list all spells.
Aiming: Sandblast
Press: ? - help, Shift-Dir - straight line, f - leopard gecko
Aim: a leopard gecko The blast of sand hits the leopard gecko.
You kill the leopard gecko!
Vehumet accepts your kill.
b - 105 stones You start resting.
You are engulfed in blazing flames.
Ouch! That really hurt!
You die...

######................#
#.....................#
#..........#'#........#
###..........#.#........##
................##........
.............#.###.########
.................#.# ####
...........§†§§#.#.#### #...
.........#§§@....#....####.#.
.....#.###..†§...#....+....#.
.....#......§..####...#....#.
......######...# #....<....#.
.. .. ..... #....#....'.
##..#.#....#...†##
....+.........#
#.#.#.......###
..#.........##


There were no monsters in sight!

Vanquished Creatures
  A worm (D:2)
  A leopard gecko (D:2)
  2 giant cockroaches
  2 goblins (D:1)
  3 hobgoblins (D:1)
  3 jackals (D:1)
  4 kobolds (D:1)
  A ball python (D:2)
  2 bats (D:1)
  3 frilled lizards
  2 rats
24 creatures vanquished.

Vanquished Creatures (others)
  A rat (D:2)
1 creature vanquished.

Grand Total: 25 creatures vanquished

Notes
Turn   | Place    | Note
-------+----------+-------------------------------------------
     0 | D:1      | Monsterracer the Gargoyle Earth Elementalist began the quest for the Orb.
     0 | D:1      | Reached XP level 1. HP: 10/10 MP: 3/3
   276 | D:1      | Reached XP level 2. HP: 12/15 MP: 5/5
   447 | D:1      | Reached skill level 4 in Earth Magic
   509 | D:1      | Learned a level 2 spell: Passwall
   991 | D:2      | Reached XP level 3. HP: 19/19 MP: 7/7
   996 | D:2      | Learned a level 3 spell: Stone Arrow
  1013 | D:2      | Found a radiant altar of Vehumet.
  1108 | D:2      | HP: 6/19 [something (10)]
  1110 | D:2      | Became a worshipper of Vehumet
  1116 | D:2      | Engulfed by a cloud of flame

Skill      XL: |  1  2 |
---------------+-------+-----
Earth Magic    | 4 |  4.4
Dodging        | |  1.5
Stealth        | |  2.1
Spellcasting   | |  2.7
Transmutations | |  0.7

Action                   || total
-------------------------++-------
Melee: Short sword       ||    58
       Unarmed           ||     1
 Cast: Sandblast         ||     4
       Stone Arrow       ||     1
 Stab: Sleeping          ||     3
Armor: Robe              ||     8
Dodge: Dodged            ||    40

Vault maps used:
D:1:      dpeg_arrival_shelter
D:2:      fiery_altar_vehumet, uniq_natasha
